nht, chaotic female elven Wizard |.| .|.| ..)| -.| |*| |@| .H... ----- nht the Thaumaturge Experience level: 6 Strength: 11 Dexterity: 12 Constitution: 14 Intelligence: 18 Wisdom: 12 Charisma: 10 Health: 0(41) Energy: 0(63) Def: 2 Gold: 1359 Moves: 1657 Dungeon seed: 6SmD2x5CYrabmspn Game ID: nht_1432189807 Your Inventory: Coins $ - 1359 gold pieces Amulets K - an uncursed amulet of unchanging Weapons a - a blessed +1 quarterstaff x - a +0 dwarvish mattock (weapon in hands) V - the +0 Demonbane Armor e - an uncursed +0 cloak of magic resistance (being worn) r - a blessed fireproof +0 pair of speed boots (being worn) y - an uncursed +0 dunce cap Scrolls q - a blessed scroll of confuse monster v - 2 uncursed scrolls of create monster A - 4 uncursed scrolls of blank paper B - an uncursed scroll of remove curse I - 3 uncursed scrolls of enchant armor Q - an uncursed scroll of confuse monster R - an uncursed scroll of gold detection S - an uncursed scroll of enchant weapon Y - a cursed scroll of identify Spellbooks N - a blessed spellbook of blank paper Potions h - an uncursed potion of object detection u - a cursed potion of polymorph z - 3 uncursed potions of water Rings c - an uncursed ring of teleport control (on right hand) d - an uncursed +2 ring of increase damage (on left hand) f - a cursed ring of fire resistance g - an uncursed ring of conflict l - a cursed ring of levitation m - an uncursed ring of warning E - a blessed +1 ring of protection G - an uncursed ring of conflict Z - a cursed ring of searching Wands b - a wand of opening (0:6) s - a cursed wand of enlightenment (0:12) L - a blessed wand of create monster (0:11) O - a wand of digging (0:1) T - a wand of enlightenment (0:15) U - a wand of locking (0:6) W - a wand of fire (0:3) X - a blessed wand of fire (0:8) Tools i - a blessed oil lamp (lit) (0:1167) k - 7 blessed tallow candles (0:200) n - a magic marker (0:63) o - an uncursed wooden harp F - a bag of tricks (0:14) H - a bag of tricks (0:5) Gems j - an uncursed garnet stone p - an uncursed worthless piece of green glass Spells known in the end: Name Level Category Fail Memory a - force bolt 1 attack 0% 92% b - magic missile 2 attack 0% 92% c - light 1 divination 0% 92% d - detect monsters 1 divination 0% 93% e - stone to flesh 3 healing 77% 94% f - healing 1 healing 0% 94% g - sleep 1 enchantment 0% 94% Your skills at the end: Fighting Skills Weapon Skills quarterstaff [Skilled] Spellcasting Skills attack spells [Basic] enchantment spells [Basic] Final Attributes: You were piously aligned. You were sleep resistant. You were magic-protected. You saw invisible. You were telepathic. You had infravision. You had teleport control. You had a +2 damage bonus. You were very fast. You are dead (2nd time!). Vanquished creatures: a small mimic a dwarf king a water nymph a fog cloud a shrieker 2 gnome lords a gnomish wizard a floating eye 5 dwarves a monkey 2 coyotes 2 hobbits a brown mold 17 gnomes 2 gnome zombies 4 jackals a fox 4 sewer rats 4 grid bugs 2 lichens 2 newts 56 creatures vanquished. Voluntary challenges: You used a wielded weapon 69 times, starting on turn 46. You read items or engraved 37 times, starting on turn 20. You never genocided any monsters. You never polymorphed an object. You never changed form. You used 1 wish, starting on turn 1227. You did not wish for any artifacts. You never split a pudding. You wrote Elbereth's name 15 times, starting on turn 325. You never violated your personal moral code. You disabled loading bones files. Dungeon overview: The Dungeons of Doom: levels 1 to 29 Level 1 a long staircase Level 2 a general store, an altar to Ptah Level 3 a general store Level 4 stairs to The Gnomish Mines Level 5 Level 6 a jewelry store Level 7 Level 8 Level 9 Level 10 Level 11 (throne) Level 12 a fountain Level 13 Level 14 (chauns, quest) Level 15 Level 16 Level 17 Level 18 (shop) Level 19 Level 20 (unmapped) Level 21 (throne) a fountain Level 22 (unmapped) Level 23 (unmapped) Level 24 (unmapped) Level 25 (medusa) Level 26 (chauns) Level 27 Level 28 Level 29 <- You were here The Gnomish Mines: levels 5 to 7 Level 5 stairs to The Dungeons of Doom Level 6 Level 7 many shops, a temple to Thoth, some fountains, some trees History has recorded: On T:1 you entered the Dungeons of Doom to retrieve the Amulet of Yendor! On T:85 you reached level 2 of The Dungeons of Doom. On T:334 you reached level 3 of The Dungeons of Doom. On T:475 you reached level 4 of The Dungeons of Doom. On T:679 you advanced to experience level 2. On T:730 you reached level 1 of The Gnomish Mines. On T:744 you advanced to experience level 3. On T:754 you reached level 2 of The Gnomish Mines. On T:773 you advanced to experience level 4. On T:819 you advanced to experience level 5. On T:855 you reached level 3 of The Gnomish Mines. On T:936 you advanced to experience level 6. On T:1137 you reached level 5 of The Dungeons of Doom. On T:1227 you wished for "blessed fixed +3 speed boots". On T:1308 you reached level 6 of The Dungeons of Doom. On T:1350 you reached level 7 of The Dungeons of Doom. On T:1365 you reached level 8 of The Dungeons of Doom. On T:1373 you reached level 9 of The Dungeons of Doom. On T:1390 you reached level 10 of The Dungeons of Doom. On T:1413 you reached level 11 of The Dungeons of Doom. On T:1430 you reached level 12 of The Dungeons of Doom. On T:1443 you reached level 13 of The Dungeons of Doom. On T:1451 you reached level 14 of The Dungeons of Doom. On T:1465 you reached level 15 of The Dungeons of Doom. On T:1468 you reached level 16 of The Dungeons of Doom. On T:1481 you reached level 17 of The Dungeons of Doom. On T:1494 you reached level 18 of The Dungeons of Doom. On T:1518 you reached level 19 of The Dungeons of Doom. On T:1549 you reached level 20 of The Dungeons of Doom. On T:1561 you reached level 21 of The Dungeons of Doom. On T:1576 you reached level 22 of The Dungeons of Doom. On T:1588 you reached level 23 of The Dungeons of Doom. On T:1602 you reached level 24 of The Dungeons of Doom. On T:1617 you reached level 25 of The Dungeons of Doom. On T:1630 you reached level 26 of The Dungeons of Doom. On T:1642 you reached level 27 of The Dungeons of Doom. On T:1654 you reached level 28 of The Dungeons of Doom. On T:1656 you were saved from death by your amulet of life saving! Score breakdown: Gold: 1359 (10659 points) Experience: 6 levels (12456 points) Exploration: 29 levels ( 55.77%) (22228 points) Discoveries: 28 items ( 10.11%) ( 9538 points) Valuables value: (no points given unless you survive) Artifact value: 2500 (11559 points) Variety of kills: 21 monsters ( 5.54%) ( 7061 points) Time penalty: 1657 turns ( 0 points) Survival: died (score multiplied by 80%) Total score: 58800 Latest messages: The spear misses the captain. The spear misses the sergeant. You are almost hit by a spear. The lieutenant zaps herself with a pine wand! The lieutenant is suddenly moving faster. The soldier wields a long poleaxe! The sergeant drinks a cyan potion! The sergeant's body takes on a strange transparency. The soldier zaps a wand of magic missile! The magic missile misses the captain. The magic missile hits the sergeant! The magic missile hits you! The missiles bounce off! The magic missile bounces! The magic missile hits you! The missiles bounce off! The soldier throws a spear! The spear misses the soldier. You are hit by a spear. The sergeant wields a mace! The soldier wields a short sword! You dig a pit in the floor. The minotaur hits! (2x) You die... Final status: Goodbye nht the Wizard, killed by a minotaur... You died in The Dungeons of Doom on dungeon level 29 with 58800 points, and 1359 pieces of gold, after 1657 moves. You were level 6 with a maximum of 41 hit points when you died.